 Dungeon Crawl Stone Soup version 0.31-a0-927-g95c4c6a (webtiles) character file.

Game seed: 700625405225510542

2 zzzzz the Vexing (level 1, -3/11 HPs)
             Began as a Vampire Enchanter on Oct 18, 2023.
             Slain by a gnoll
             ... wielding a +1 whip of electrocution
              (5 damage)
             ... on level 1 of the Dungeon.
             The game lasted 00:03:55 (177 turns).

zzzzz the Vexing (Vampire Enchanter)                 Turns: 177, Time: 00:03:55

Health: -3/11      AC:  6    Str:  7    XL:     1   Next: 33%
Magic:  3/3        EV:  7    Int: 17    God:
Gold:   0          SH:  0    Dex: 14    Spells: 4/4 levels left

rFire   . . .        a - +1 dagger
rCold   . . .        (no shield)
rNeg    . . .        e - +0 scale mail
rPois   .            (no helmet)
rElec   .            (no cloak)
rCorr   .            (no gloves)
SInv    +            (no boots)
Will    .....        (no amulet)
Stlth   +            (no ring)
HPRegen 0.41/turn    (no ring)
MPRegen 0.08/turn

%: no passive effects
@: healing quickly
A: alive, fangs 3, see invisible, vampiric 1, [frail 1]
a: Exsanguinate


You were on level 1 of the Dungeon.
You visited 1 branch of the dungeon, and saw 1 of its levels.

Inventory:

Hand Weapons
 a - a +1 dagger (weapon)
Armour
 b - a +0 robe
 e - a +0 scale mail (worn)
Potions
 c - 2 potions of invisibility


   Skills:
 + Level 1.1 Short Blades
 + Level 2.2 Dodging
 + Level 4.5 Stealth
 + Level 2.0 Spellcasting
 + Level 4.5 Hexes


You had 4 spell levels left.
You didn't know any spells.
Your spell library contained the following spells:

 Spells                   Type           Power      Damage    Failure   Level
 Confusing Touch          Hex            17%        N/A       77%         3
 Tukima's Dance           Hex            17%        N/A       77%         3
 Ensorcelled Hibernation  Hex/Ice        18%        N/A       83%         2
 Dazzling Flash           Conj/Hex       18%        N/A       97%         3


Dungeon Overview and Level Annotations

Branches:
Dungeon (1/15)

Altars:


Innate Abilities, Weirdness & Mutations

Your natural rate of healing is accelerated.
You have razor-sharp teeth.
You have supernaturally acute eyesight. (SInv)
You are afflicted with vampirism.
[You are frail. (-10% HP)]


Message History

You are now empty-handed.
No target in view!
Okay, then.
Okay, then.
You start removing your armour.
You continue taking off your +0 robe. x4
You finish taking off your +0 robe.
You start putting on your armour.
You continue putting on your +0 scale mail. x5
You finish putting on your +0 scale mail.
a - a +1 dagger (weapon)
You see here a goblin corpse.
Okay, then.
Okay, then.
No target in view!
Okay, then.
A gnoll comes into view.
It is wielding a +1 whip of electrocution.
The gnoll shouts!
Okay, then.
A bat comes into view.
You barely miss the gnoll.
An endoplasm comes into view.
The gnoll barely misses you.
You hit the gnoll.
The gnoll is lightly wounded.
The gnoll hits you with a +1 whip of electrocution.
You hit the gnoll but do no damage.
The gnoll is lightly wounded.
The gnoll hits you but does no damage.
You hit the gnoll.
The gnoll is moderately wounded.
The gnoll hits you but does no damage.
You barely miss the gnoll. You bite the gnoll.
The gnoll is severely wounded.
The gnoll hits you with a +1 whip of electrocution.
Ouch! That really hurt!
* * * LOW HITPOINT WARNING * * *
You hit the gnoll.
The gnoll is almost dead.
The gnoll hits you with a +1 whip of electrocution.
You die...

..# #.###.## #
#.####......##.##.. ..
>...######......#.#
...
###.######..##..#.#
.... #
#.....†...##..#.##.#.#
###.##................
.)..##.###..###..bJ.
#.###...##..#####g#
#.....#.##......@.#
##..........#######
##.########## ...#
####


You could see a gnoll, an endoplasm and a bat.

Vanquished Creatures
  A ball python (D:1)
  A goblin (D:1)
2 creatures vanquished.

Notes
Turn   | Place    | Note
-------+----------+-------------------------------------------
     0 | D:1      | zzzzz the Vampire Enchanter began the quest for the Orb.
     0 | D:1      | Reached XP level 1. HP: 13/13 MP: 3/3
   177 | D:1      | Slain by a gnoll

Illustrated notes

Levels and vault maps discovered:
D:1:      dpeg_arrival_long_road, layout_loops_ring

Action                     || total
---------------------------++-------
  Melee: Dagger            ||    12
         Bite              ||     1
Ability: Exsanguinate      ||     1
         Revivify          ||     1
   Stab: Sleeping          ||     1
 Armour: Scale mail        ||     5
         Robe              ||     4
  Dodge: Dodged            ||     3

Table legend: (Time is in decaauts)
 A = Elapsed time spent in this place.
 B = Non-inter-level travel time spent in this place.
 C = Inter-level travel time spent in this place.
 D = Time resting spent in this place.
 E = Time spent auto-exploring this place.
 F = Levels seen in this place.
 G = Mean time per level.
                   A        B        C        D        E       F      G
               +--------+--------+--------+--------+--------+-----+--------+
         Total |    175 |     79 |     96 |      0 |      0 |   1 |  175.0 |
       Dungeon |    175 |     79 |     96 |      0 |      0 |   1 |  175.0 |
               +--------+--------+--------+--------+--------+-----+--------+

Top non-repeatable levels by time:
     D:1: 175 daAuts
